 Dungeon Crawl Stone Soup version 0.25-a0-85-g7617fd2bc2 (webtiles) character file.

Game seed: 8746719503185277152, levelgen mode: deterministic

71 MrRokkomies the Vexing (level 4, -4/30 HPs)
             Began as a Vampire Enchanter on Nov 8, 2019.
             Killed by divine providence
             ... invoked by an orc priest
              (13 damage)
             ... on level 2 of the Dungeon.
             The game lasted 00:02:59 (1414 turns).

MrRokkomies the Vexing (Vampire Enchanter)          Turns: 1414, Time: 00:02:59

Health: -4/30      AC:  3    Str:  7    XL:     4   Next: 5%
Magic:  3/7        EV: 12    Int: 18    God:
Gold:   77         SH:  3    Dex: 14    Spells: 4/7 levels left

rFire    . . .     SeeInvis +   a - +1 dagger (speed)
rCold    . . .     Gourm    .   i - +0 buckler
rNeg     . . .     Faith    .   h - +0 robe (curse)
rPois    .         Spirit   .   e - +0 helmet
rElec    .         Reflect  .   (no cloak)
rCorr    .         Harm     .   (no gloves)
MR       .....     Rnd*Tele +   (no boots)
Stlth    +++.......             (no amulet)
HPRegen  0.30/turn              f - ring of teleportation (curse)
MPRegen  0.10/turn              (no ring)

@: regenerating quickly
A: no food, fangs 3, see invisible, unbreathing
a: Exsanguinate


You were on level 2 of the Dungeon.
You were alive.

You visited 1 branch of the dungeon, and saw 2 of its levels.

You collected 77 gold pieces.

Inventory:

Hand Weapons
 a - a +1 dagger of speed (weapon)
 b - a +0 hunting sling of freezing
Missiles
 c - 3 poisoned darts (quivered)
Armour
 e - a +0 helmet (worn)
 h - a cursed +0 robe (worn)
 i - a +0 buckler (worn)
 l - a +0 robe
Jewellery
 f - a cursed ring of teleportation (left hand)
Scrolls
 g - a scroll of identify
Potions
 d - a potion of cancellation
 j - a potion of degeneration {unknown}
 k - 2 potions of invisibility {unknown}
 m - a potion of agility {unknown}
 n - a potion of heal wounds {unknown}
 o - a potion of curing {unknown}
 q - a potion of magic {unknown}


   Skills:
 * Level 2.8 Short Blades
 - Level 2.1 Dodging
 + Level 5.2 Stealth
 - Level 2.0 Spellcasting
 * Level 5.6 Hexes


You had 4 spell levels left.
You knew the following spells:

 Your Spells              Type           Power        Failure   Level  Hunger
a - Corona                Hex            ###....      3%          1    N/A
b - Ensorcelled Hibernat  Hex/Ice        ##....       14%         2    N/A

Your spell library contained the following spells:

 Spells                   Type           Power        Failure   Level  Hunger
 Confuse                  Hex            ###.....     9%          3    N/A
 Tukima's Dance           Hex            ###.....     9%          3    N/A
 Dazzling Spray           Conj/Hex       ##....       28%         3    N/A

Dungeon Overview and Level Annotations

Branches:
Dungeon (2/15)

Altars:


Innate Abilities, Weirdness & Mutations

You do not eat.
Your natural rate of healing is unusually fast.
You have razor-sharp teeth.
You have supernaturally acute eyesight. (SInv)
You can survive without breathing.


Message History

The orc priest hits you but does no damage.
Casting: Ensorcelled Hibernation (safe; 16% risk of failure)
Confirm with . or Enter, or press ? or * to list all spells.
Aiming: Ensorcelled Hibernation (safe; 16% risk of failure)
Press: ? - help, Shift-Dir - straight line, f/p - orc priest
Aim: an orc priest, wielding a +0 club (chance to defeat MR: 42%)
The orc priest looks drowsy...
The helpless orc priest fails to defend itself.
You impale the orc priest!!
You kill the orc priest!
You have reached level 4!
You block the orc's attack.
A kobold comes into view. It is wielding a +0 dagger.
The kobold shouts!
The orc priest calls down the wrath of Beogh upon you.
Beogh smites you!
* * * LOW HITPOINT WARNING * * *
The orc priest invokes the aid of Beogh against you.
Beogh smites you!
You die...

.. ..... ..... #.#.# #.#
#.#.# #.# #.#.# #.#
######.#.########## #.#
####......#..K.o@....#
#####.#
#<........o.o#######....
.....# .......)###..#
#.####..## ..##.##.#
#..# #.........
oo##.##.# #..#
######..## ..##. #o#
#..# #..# ..##.##.###..#
#..# .o..o........# #..#
..####.<###.## #..#


You could see an orc priest, 2 orcs and a kobold.

Vanquished Creatures
  An orc priest (D:2)
  An adder (D:2)
  2 dart slugs
  3 bats
  A giant cockroach (D:1)
  2 goblins (D:1)
  2 hobgoblins
  8 jackals
  A ball python (D:1)
  2 kobolds (D:1)
  4 rats
27 creatures vanquished.

Notes
Turn   | Place    | Note
-------+----------+-------------------------------------------
     0 | D:1      | MrRokkomies the Vampire Enchanter began the quest for the
                  | Orb.
     0 | D:1      | Reached XP level 1. HP: 13/13 MP: 3/3
   294 | D:1      | Reached XP level 2. HP: 19/19 MP: 5/5
   300 | D:1      | Learned a level 2 spell: Ensorcelled Hibernation
   732 | D:1      | Reached skill level 5 in Hexes
  1058 | D:2      | Reached XP level 3. HP: 24/24 MP: 6/6
  1372 | D:2      | Reached skill level 5 in Stealth
  1406 | D:2      | Reached XP level 4. HP: 16/30 MP: 2/7
  1414 | D:2      | Killed from afar by an orc priest

Levels and vault maps discovered:
D:1:      dpeg_arrival_brainrot, layout_loops_corners
D:2:      layout_loops_ring

Skill      XL: |  1  2  3 |
---------------+----------+-----
Short Blades   | 2 |  2.8
Hexes          | 5 |  5.6
Stealth        | 5 |  5.2
Dodging        | |  2.1
Spellcasting   | |  2.0

Action                   |  1- 3 |  4- 6 || total
-------------------------+-------+-------++-------
Melee: Dagger            |   144 |       ||   144
       Bite              |     7 |       ||     7
 Cast: Ensorcelled Hiber |     3 |       ||     3
  Use: Scroll            |     4 |       ||     4
 Stab: Sleeping          |     8 |       ||     8
       Distracted        |     1 |       ||     1
Armor: Robe              |    45 |       ||    45
Dodge: Dodged            |    73 |       ||    73
Block: Buckler           |    10 |     1 ||    11

Table legend:
 A = Non-vault XP
 B = Vault XP
 C = Vault XP percentage of total XP
 D = Non-vault monster count
 E = Vault monster count
 F = Vault count percentage of total count
                 A         B        C        D         E       F
            +---------+---------+-------+---------+---------+-------
      Total |     100 |       2 |   2.0 |      26 |       1 |   3.7
            +---------+---------+-------+---------+---------+-------
        D:1 |      28 |       2 |   6.7 |      16 |       1 |   5.9
        D:2 |      72 |       0 |   0.0 |      10 |       0 |   0.0
            +---------+---------+-------+---------+---------+-------
